 Dungeon Crawl Stone Soup version 0.31.0-9-g3a7656b989 (webtiles) character file.

Game seed: 11274456108231623860

129 qw the Shooter (level 4, 0/23 HPs)
             Began as a Spriggan Hunter on Feb 2, 2024.
             Slain by an iguana (1 damage)
             ... on level 4 of the Dungeon.
             The game lasted 00:00:09 (2471 turns).

qw the Shooter (Spriggan Hunter)                    Turns: 2471, Time: 00:00:09

Health: 0/23       AC:  2    Str:  7    XL:     4   Next: 88%
Magic:  5/5        EV: 20    Int: 10    God:
Gold:   173        SH:  0    Dex: 20    Spells: 3/3 levels left

rFire   . . .        a - +0 shortbow
rCold   . . .        (shield currently unavailable)
rNeg    . . .        c - +0 robe
rPois   .            (helmet restricted)
rElec   .            (no cloak)
rCorr   .            (gloves unavailable)
SInv    +            (boots unavailable)
Will    .....        (no amulet)
Stlth   ++           (no ring)
HPRegen 0.23/turn    (no ring)
MPRegen 0.09/turn

%: no passive effects
@: lethally poisoned (0 -> -11), very quick
A: very small, no large weapons, unfitting armour, see invisible, speed 3
a: no special abilities


You were on level 4 of the Dungeon.
You visited 1 branch of the dungeon, and saw 4 of its levels.

You collected 173 gold pieces.


Innate Abilities, Weirdness & Mutations

You are very small and have problems with some larger weapons.
You are too small for most types of armour.
You have supernaturally acute eyesight. (SInv)
You cover ground extremely quickly. (Speed+++)


   Skills:
 - Level 2.0 Fighting
 + Level 5.1 Ranged Weapons
 - Level 5.0 Dodging
 - Level 1.5 Stealth


You had 3 spell levels left.
You didn't know any spells.
Your spell library was empty.

Inventory:

Hand Weapons
 a - a +0 shortbow (weapon)
Armour
 c - a +0 robe (worn)
Wands
 b - a wand of iceblast (2)
Scrolls
 e - a scroll of enchant armour
 h - a scroll of acquirement {unknown}
Potions
 d - a potion of curing
 f - 2 potions of might
 g - 3 potions of mutation
 i - a potion of haste {unknown}

Dungeon Overview and Level Annotations

Branches:
Dungeon (4/15)             Temple (0/1) D:4

Altars:
Ru
Wu Jian


Message History

A scorpion comes into view.
The orc misses you.
You shoot an arrow. The arrow hits the orc!
You kill the orc!
You shoot an arrow. The arrow hits the gnoll.
The gnoll is moderately wounded.
The gnoll closely misses you.
You shoot an arrow. The arrow barely misses the gnoll.
The gnoll misses you. The gnoll hits you with a +0 flail.
The gnoll barely misses you.
2465 ||| RETREEEEATING.
Found an escape hatch in the floor.
The iguana barely misses you.
You see here a +0 club.
You shoot an arrow. The arrow hits the gnoll!
You kill the gnoll!
The gnoll completely misses you. x2; The iguana bites you.
You shoot an arrow. The arrow barely misses the iguana.
The gnoll closely misses you. The gnoll completely misses you.
The iguana closely misses you. The gnoll barely misses you.
You shoot an arrow. The arrow hits the scorpion.
The scorpion is lightly wounded.
The scorpion misses you. The gnoll closely misses you. The gnoll misses you.
The iguana completely misses you. The gnoll hits you with a +0 club.
The scorpion stings you.
You shoot an arrow.
The arrow hits the scorpion but does no damage.
The scorpion is lightly wounded.
The gnoll closely misses you. The iguana completely misses you.
The gnoll misses you. The gnoll closely misses you.
The scorpion completely misses you.
You shoot an arrow. The arrow hits the scorpion.
The scorpion is moderately wounded.
The gnoll completely misses you. The iguana barely misses you.
The gnoll hits you from afar with a +0 halberd!
The scorpion stings you. The gnoll misses you.
You shoot an arrow. The arrow closely misses the scorpion.
The scorpion stings you.
You are lethally poisoned!
The scorpion poisons you! The gnoll closely misses you. The iguana bites you.
You die...

# .###. # >....
.# ...... ..#
......#####...##
.....#..........
......l@g.......
##>##.sg#g#.#.#.
...........
#....#.#.#.#
..............
##....#.......#
##.. ..........
#.. #...>...#.


You could see a scorpion, an iguana and 3 gnolls.

Vanquished Creatures
  An orc priest (D:3)
  A gnoll (D:4)
  An adder (D:3)
  3 dart slugs
  A ribbon worm (D:3)
  3 orcs
  4 bats (D:1)
  5 endoplasms
  A giant cockroach (D:1)
  10 goblins
  6 hobgoblins
  4 jackals (D:2)
  11 kobolds
  A quokka (D:1)
  9 ball pythons
  3 frilled lizards (D:1)
  6 rats
70 creatures vanquished.

Notes
Turn   | Place    | Note
-------+----------+-------------------------------------------
     0 | D:1      | qw the Spriggan Hunter began the quest for the Orb.
     0 | D:1      | Reached XP level 1. HP: 10/10 MP: 2/2
     0 | D:1      | 0 ||| qw: Version: 0.3-a-155-g5e7d8dd
     0 | D:1      | 0 ||| qw: Game counter: 2514
     0 | D:1      | 0 ||| qw: Melee chars always use a shield: true
     0 | D:1      | 0 ||| qw: God list: Okawaru
     0 | D:1      | 0 ||| qw: Allow faded altars: false
     0 | D:1      | 0 ||| qw: Do Orc after clearing Dungeon:15 true
     0 | D:1      | 0 ||| qw: Do second Lair branch before Depths: true
     0 | D:1      | 0 ||| qw: Lair rune preference: random
     0 | D:1      | 0 ||| qw: Goals: Normal
     0 | D:1      | 0 ||| PLANNING D:1-11
    10 | D:1      | Reached skill level 3 in Dodging
    71 | D:1      | Reached XP level 2. HP: 14/14 MP: 3/3
   170 | D:1      | 170 ||| RETREEEEATING.
   390 | D:1      | Reached XP level 3. HP: 18/18 MP: 4/4
   573 | D:1      | 573 ||| READING scroll labelled MEOTAC EVAGUC.
   578 | D:1      | 578 ||| READING 2 scrolls labelled YHUCIT DICOFIO.
   578 | D:1      | 578 ||| IDENTIFYING clear potion
   579 | D:1      | 579 ||| READING scroll of identify.
   579 | D:1      | 579 ||| IDENTIFYING 2 smoky coppery potions
   580 | D:1      | 580 ||| READING scroll labelled LOTEIRRIU MAFU.
   581 | D:1      | 581 ||| DRINKING 3 lumpy clear potions.
   582 | D:1      | 582 ||| DROPPING scroll of butterflies.
  1175 | D:2      | Found a sacrificial altar of Ru.
  1436 | D:2      | 1436 ||| READING 2 scrolls of identify.
  1436 | D:2      | 1436 ||| IDENTIFYING bubbling ruby potion
  1437 | D:2      | 1437 ||| READING scroll of identify.
  1437 | D:2      | 1437 ||| IDENTIFYING scroll labelled SOSAROOT NYXO
  1438 | D:2      | 1438 ||| DROPPING scroll of amnesia.
  1571 | D:3      | Found a faded altar of an unknown god.
  1797 | D:3      | HP: 4/18 [orc priest/+0 hand axe (1)]
  1798 | D:3      | 1798 ||| DRINKING potion of heal wounds.
  1801 | D:3      | Reached XP level 4. HP: 6/22 MP: 5/5
  1869 | D:3      | Found an ornate altar of the Wu Jian Council.
  1910 | D:3      | 1910 ||| FLEEEEING.
  2380 | D:3      | 2380 ||| READING scroll labelled IVEFAU RURA.
  2381 | D:3      | 2381 ||| READING scroll labelled FESUOS ANYIBB.
  2381 | D:3      | 2381 ||| ENCHANTING +0 shortbow.
  2459 | D:4      | Found a staircase to the Ecumenical Temple.
  2460 | D:4      | 2460 ||| PLANNING TEMPLE
  2461 | D:4      | Noticed a scorpion
  2465 | D:4      | 2465 ||| RETREEEEATING.
  2470 | D:4      | HP: 4/23 [scorpion (2)]
  2471 | D:4      | HP: 1/23 [scorpion (3)]
  2471 | D:4      | Slain by an iguana

Levels and vault maps discovered:
D:1:      ebering_trefoil_twist, layout_rooms, minmay_vboxes
D:2:      layout_basic, basic_altar, kennysheep_another_room
D:3:      layout_loops_ring, lemuel_tele_altar,
          shapermc_ecumenical_altar_flowoftime, minmay_goblin_outpost
D:4:      layout_loops_ring, minmay_temple_entry_glass, uniq_ijyb, uniq_duvessa,
          uniq_blork_the_orc

Skill      XL: |  1  2  3  4 |
---------------+-------------+-----
Dodging        | 3 4 5 |  5.0
Ranged Weapons | 5 |  5.1
Fighting       | 2 |  2.0
Stealth        | |  1.5

Action                     |  1- 3 |  4- 6 || total
---------------------------+-------+-------++-------
   Fire: Shortbow          |   129 |    60 ||   189
    Use: Scroll            |     6 |     2 ||     8
         Potion            |     2 |       ||     2
 Armour: Robe              |    25 |    15 ||    40
  Dodge: Dodged            |    70 |    37 ||   107

Table legend:
 A = Non-vault XP
 B = Vault XP
 C = Vault XP percentage of total XP
 D = Non-vault monster count
 E = Vault monster count
 F = Vault count percentage of total count
                 A         B        C        D         E       F
            +---------+---------+-------+---------+---------+-------
      Total |     165 |      20 |  10.8 |      58 |      12 |  17.1
            +---------+---------+-------+---------+---------+-------
        D:1 |      37 |       9 |  19.6 |      21 |       6 |  22.2
        D:2 |      25 |       0 |   0.0 |      15 |       0 |   0.0
        D:3 |      86 |      11 |  11.3 |      20 |       6 |  23.1
        D:4 |      17 |       0 |   0.0 |       2 |       0 |   0.0
            +---------+---------+-------+---------+---------+-------
